 Dungeon Crawl Stone Soup version 0.29-a0-517-gbdf32494f2 (webtiles) character file.

Game seed: 249980033743196442

252 ptdevnull the Grave Robber (level 5, -5/28 HPs)
             Began as a Deep Elf Necromancer on May 30, 2022.
             Killed by divine providence
             ... invoked by an orc priest
              (11 damage)
             ... on level 3 of the Dungeon.
             The game lasted 00:07:30 (2879 turns).

ptdevnull the Grave Robber (Deep Elf Necromancer)   Turns: 2879, Time: 00:07:31

Health: -5/28      AC:  3    Str:  5    XL:     5   Next: 89%
Magic:  10/14      EV: 13    Int: 22    God:
Gold:   93         SH:  0    Dex: 21    Spells: 5/13 levels left

rFire   . . .      SeeInvis .   s - +3 woodcutter's axe {vorpal}
rCold   . . .      Faith    .   (shield currently unavailable)
rNeg    . . .      Spirit   .   a - +0 robe
rPois   .          Reflect  .   (no helmet)
rElec   .          Harm     .   (no cloak)
rCorr   .          Rampage  .   (no gloves)
Will    +....                   o - +0 pair of boots
Stlth   +++.......              (no amulet)
HPRegen 0.09/turn               i - ring of willpower
MPRegen 0.14/turn               n - +6 ring of dexterity

@: animating dead
A: no striking features
a: no special abilities


You were on level 3 of the Dungeon.
You visited 1 branch of the dungeon, and saw 3 of its levels.

You collected 93 gold pieces.

Inventory:

Hand Weapons
 e - a +0 mace
 s - the +3 woodcutter's axe (weapon) {vorpal}
   (You found it on level 2 of the Dungeon)

   It inflicts extra damage upon your enemies.
Armour
 a - a +0 robe (worn)
 o - a +0 pair of boots (worn)
Jewellery
 i - a ring of willpower (left hand)
 n - a +6 ring of dexterity (right hand)
Scrolls
 c - a scroll of torment {unknown}
 d - a scroll of brand weapon {unknown}
 f - a scroll of magic mapping {unknown}
 h - 3 scrolls of teleportation
 j - a scroll of immolation {unknown}
 t - a scroll of amnesia {unknown}
Potions
 b - a potion of magic
 g - a potion of invisibility {unknown}
 k - a potion of curing {unknown}
 l - a potion of haste {unknown}
 m - 3 potions of degeneration {unknown}
 p - a potion of brilliance {unknown}
 q - a potion of cancellation {unknown}
 r - a potion of berserk rage {unknown}


   Skills:
 - Level 2.4 Dodging
 + Level 4.5 Stealth
 + Level 4.8 Spellcasting
 * Level 7.0 Necromancy


You had 5 spell levels left.
You knew the following spells:

 Your Spells              Type           Power      Damage    Failure   Level
a - Necrotize             Necr           100%       1d9       1%          1
b - Vampiric Draining     Necr           36%        2d8       1%          3
c - Animate Dead          Necr           36%        N/A       5%          4

Your spell library contained the following spells:

 Spells                   Type           Power      Damage    Failure   Level
 Agony                    Necr           36%        N/A       16%         5


Dungeon Overview and Level Annotations

Branches:
Dungeon (3/15)

Altars:

Shops:
D:2 *

Annotations:
D:1 Terence


Message History

An orc comes into view. It is wielding a +0 falchion.
The orc hits you with a +0 whip.
You barely miss the orc.
An orc comes into view. It is wielding a +0 dagger.
The orc hits you with a +0 whip.
You barely miss the orc. The orc barely misses you.
The orc shouts!
You slash the orc!
You kill the orc!
You hear a shout!
An orc comes into view. It is wielding a +0 dagger.
The orc shouts!
The orc hits you with a +0 dagger.
You see here a +0 whip.
You hit the orc.
The orc is heavily wounded.
The orc hits you with a +0 dagger.
You hit the orc but do no damage.
The orc is heavily wounded.
The orc completely misses you.
You slash the orc!
You kill the orc!
An orc priest comes into view. It is wielding a +0 mace.
Casting: Necrotize (safe; 1% risk of failure)
Confirm with . or Enter, or press ? or * to list all spells.
The spell is quite dangerous to miscast (5% risk of failure)!
Continue anyway?
You call upon the dead to rise.
The orc priest shouts!
The orc priest calls down the wrath of Beogh upon you.
Beogh smites you!
* * * LOW HITPOINT WARNING * * *
The orc barely misses you.
Unknown command.
You barely miss the orc. The orc hits you but does no damage.
You slash the orc!
You kill the orc!
The dead are walking!
The orc priest calls down the wrath of Beogh upon you.
Beogh smites you!
You die...

# ## ##.##
##.##.# #
##...#
#.####
#....# #.#
#....# #.#
#.####
#.#### #.#
#..... #####
#.# #####.
....#
####o#####.#
#####. ###.#
.....ro@...#
#.....
..##Z#######
#.###. .#
#.# #. .#
#.# #. ##
#.###. ###.#
#..... ....#
#####. ....#
## ###.#


You could see an orc priest, an orc, a rat (ally target) and a friendly orc
zombie.

Vanquished Creatures
  A gnoll sergeant (D:2)
  Jessica (D:2)
  6 gnolls (D:2)
  4 adders (D:2)
  A worm (D:2)
  A dart slug (D:2)
  6 orcs
  5 ball pythons
  3 bats
  5 endoplasms
  2 giant cockroaches
  6 hobgoblins
  2 kobolds
  3 quokkas
  6 frilled lizards
  5 goblins
  4 rats
61 creatures vanquished.

Vanquished Creatures (collateral kills)
  An endoplasm (D:1)
  A kobold (D:2)
  A frilled lizard (D:2)
3 creatures vanquished.

Vanquished Creatures (others)
  A giant cockroach zombie (D:2)
  2 orc zombies (D:2)
  A rat zombie (D:2)
  3 fungi (D:2)
  2 plants (D:2)
9 creatures vanquished.

Grand Total: 73 creatures vanquished

Notes
Turn   | Place    | Note
-------+----------+-------------------------------------------
     0 | D:1      | ptdevnull the Deep Elf Necromancer began the quest for the
                  | Orb.
     0 | D:1      | Reached XP level 1. HP: 10/10 MP: 6/6
   149 | D:1      | Reached skill level 5 in Necromancy
   204 | D:1      | Reached XP level 2. HP: 15/15 MP: 5/8
   928 | D:2      | Reached XP level 3. HP: 15/19 MP: 5/10
  1008 | D:2      | Found Mikelul's Assorted Antiques.
  1125 | D:2      | Noticed Jessica
  1135 | D:2      | Killed Jessica
  1136 | D:2      | Reached XP level 4. HP: 24/24 MP: 5/11
  1206 | D:2      | Reached skill level 6 in Necromancy
  1309 | D:1      | Learned a level 3 spell: Vampiric Draining
  1314 | D:1      | Learned a level 4 spell: Animate Dead
  1342 | D:2      | Noticed Terence
  1741 | D:2      | Found a faded altar of an unknown god.
  2134 | D:2      | Reached XP level 5. HP: 28/28 MP: 9/13
  2220 | D:2      | Found the +3 woodcutter's axe {vorpal}
  2231 | D:2      | Reached skill level 7 in Necromancy
  2879 | D:3      | Killed from afar by an orc priest

Illustrated notes

Levels and vault maps discovered:
D:1:      matt_arrival_spirals, layout_basic
D:2:      layout_rooms, shapermc_ecumenical_altar_petra, serial_shops, shop,
          pf_guarded_unrand_woodcutter, uniq_terence, uniq_jessica
D:3:      layout_loops_corners, minmay_misc_feat_cross

Skill      XL: |  1  2  3  4  5 |
---------------+----------------+-----
Necromancy     | 5 6 7 |  7.0
Stealth        | 3 4 |  4.5
Spellcasting   | 4 |  4.8
Dodging        | |  2.4

Action                   |  1- 3 |  4- 6 || total
-------------------------+-------+-------++-------
Melee: Mace              |     1 |     8 ||     9
       Punch             |       |     1 ||     1
       Battleaxe         |       |    17 ||    17
 Cast: Necrotize         |    48 |    53 ||   101
       Animate Dead      |       |     2 ||     2
  Use: Potion            |       |     2 ||     2
       Scroll            |       |     1 ||     1
 Stab: Sleeping          |       |     3 ||     3
Armor: Robe              |       |    12 ||    12
Dodge: Dodged            |     3 |    21 ||    24

Table legend: (Time is in decaauts)
 A = Elapsed time spent in this place.
 B = Non-inter-level travel time spent in this place.
 C = Inter-level travel time spent in this place.
 D = Time resting spent in this place.
 E = Time spent auto-exploring this place.
 F = Levels seen in this place.
 G = Mean time per level.
                   A        B        C        D        E       F      G
               +--------+--------+--------+--------+--------+-----+--------+
         Total |   2882 |   2831 |     51 |    371 |   2036 |   3 |  960.7 |
       Dungeon |   2882 |   2831 |     51 |    371 |   2036 |   3 |  960.7 |
               +--------+--------+--------+--------+--------+-----+--------+

Top non-repeatable levels by time:
     D:2: 1218 daAuts
     D:1: 1182 daAuts
     D:3: 481 daAuts
